 Seeded DCSS version 0.31-a0-960-g0fca184 (webtiles) character file.

Game seed: 5280907438426469560 (custom seed)

473 brinewave the Grasshopper (level 6, -1/47 HPs)
             Began as a Demonspawn Warper on Oct 23, 2023.
             Slain by a bullfrog (7 damage)
             ... on level 4 of the Dungeon.
             The game lasted 00:13:34 (3720 turns).

brinewave the Grasshopper (Demonspawn Warper)       Turns: 3720, Time: 00:13:34

Health: -1/47      AC:  4    Str: 11    XL:     6   Next: 83%
Magic:  10/10      EV: 12    Int: 17    God:
Gold:   219        SH:  0    Dex: 12    Spells: 6/11 levels left

rFire   . . .        s - +1 halberd (protect)
rCold   . . .        (shield currently unavailable)
rNeg    . . .        n - +0 robe
rPois   .            (no helmet)
rElec   .            (no cloak)
rCorr   .            (no gloves)
SInv    +            (no boots)
Will    .....        (no amulet)
Stlth   +            r - ring of see invisible
HPRegen 0.27/turn    (no ring)
MPRegen 0.12/turn

%: no passive effects
@: no status effects
A: molten scales 1, powered by death 1, demonic touch 2
a: no special abilities


You were on level 4 of the Dungeon.
You visited 1 branch of the dungeon, and saw 4 of its levels.

You collected 219 gold pieces.

Inventory:

Hand Weapons
 s - a +1 halberd of protection (weapon)
Missiles
 d - 7 darts of dispersal
 g - 3 boomerangs (quivered)
 p - 16 stones
Armour
 b - a +0 leather armour
 e - a +0 scale mail
 n - a +0 robe (worn)
Jewellery
 r - a ring of see invisible (left hand)
Scrolls
 a - a scroll of amnesia {unknown}
 c - a scroll of blinking
 f - 2 scrolls of teleportation
 h - a scroll of fog {unknown}
 i - a scroll of enchant weapon
 j - 3 scrolls of poison
 q - 2 scrolls of fear {unknown}
 v - a scroll of butterflies {unknown}
 x - a scroll of immolation {unknown}
Potions
 k - 2 potions of enlightenment
 l - a potion of mutation
 m - a potion of lignification {unknown}
 o - a potion of curing {unknown}
 t - a potion of heal wounds {unknown}
 u - a potion of experience {unknown}
 w - a potion of berserk rage {unknown}
 z - a potion of attraction {unknown}


   Skills:
 + Level 3.4 Fighting
 + Level 3.1 Polearms
 - Level 0.8 Throwing
 + Level 2.6 Armour
 + Level 3.2 Dodging
 + Level 3.2 Spellcasting
 + Level 3.7 Translocations


You had 6 spell levels left.
You knew the following spells:

 Your Spells              Type           Power      Damage    Failure   Level
a - Blink                 Tloc           30%        N/A       5%          2
b - Teleport Other        Tloc           15%        N/A       11%         3

Your spell library contained the following spells:

 Spells                   Type           Power      Damage    Failure   Level
 Lesser Beckoning         Tloc           30%        N/A       5%          2
 Manifold Assault         Tloc           15%        N/A       36%         4
 Passage of Golubria      Tloc           15%        N/A       36%         4
 Tukima's Dance           Hex            2%         N/A       45%         3
 Vhi's Electric Charge    Tloc/Air       18%        N/A       61%         4
 Yara's Violent Unravell  Hex/Tmut       1%         3d3       99%         5


Dungeon Overview and Level Annotations

Branches:
Dungeon (4/15)
 Temple: D:4-7

Altars:


Innate Abilities, Weirdness & Mutations

You are partially covered in molten scales. (AC +2)
You regenerate a little health from kills.
Your touch may inflict irresistible damage on your foes.


Message History

The bullfrog hits you. The bullfrog hits you!
You barely miss the bullfrog.
The bullfrog is moderately wounded.
The bullfrog closely misses you. The bullfrog misses you.
You barely miss the bullfrog.
The bullfrog is moderately wounded.
The bullfrog barely misses you.
The bullfrog hits you but does no damage.
You closely miss the bullfrog.
The bullfrog is moderately wounded.
The bullfrog hits you. x2
You hit the bullfrog.
Your weapon exudes an aura of protection.
The bullfrog is heavily wounded.
The bullfrog closely misses you. The bullfrog barely misses you.
You completely miss the bullfrog.
The bullfrog is heavily wounded.
The bullfrog hits you but does no damage.
The bullfrog hits you!
You slash the bullfrog!
The bullfrog is almost dead.
The bullfrog barely misses you.
The bullfrog hits you but does no damage.
You barely miss the bullfrog.
The bullfrog is almost dead.
The bullfrog hits you!
* * * LOW HITPOINT WARNING * * *
The bullfrog closely misses you.
You barely miss the bullfrog.
The bullfrog is severely wounded.
The bullfrog completely misses you. The bullfrog barely misses you.
You barely miss the bullfrog.
The bullfrog is severely wounded.
The bullfrog misses you. The bullfrog barely misses you.
You miss the bullfrog.
The bullfrog is severely wounded.
The bullfrog hits you!
* * * LOW HITPOINT WARNING * * *
The bullfrog hits you!
You die...

.......##
........##
.......?.#
.........#
.........#
.........#
........g###
........ooo####
.....#####gF@.#####
.F..# ####.....###
###. ##.......###
#.# #..........####
### #.#
#........#....####
#.## #.##
#.........###....#
...# #..#
#.........# ####..
...# #..#
#.........# ##.
...## #..##
#.........# #..


You could see a bullfrog, 3 orcs, a hobgoblin and a goblin.

Vanquished Creatures
  Grinder (D:3)
  2 jellies (D:4)
  An iguana (D:4)
  Terence (D:3)
  An orc wizard (D:4)
  5 adders
  2 gnolls (D:3)
  A worm (D:2)
  6 dart slugs
  3 orcs (D:4)
  7 bats
  2 endoplasms
  A giant cockroach (D:3)
  5 goblins
  7 hobgoblins
  5 jackals
  2 kobolds
  2 quokkas
  7 ball pythons
  4 rats
65 creatures vanquished.

Notes
Turn   | Place    | Note
-------+----------+-------------------------------------------
     0 | D:1      | brinewave the Demonspawn Warper began the quest for the
                  | Orb.
     0 | D:1      | Reached XP level 1. HP: 16/16 MP: 3/3
   218 | D:1      | Reached skill level 1 in Armour
   301 | D:1      | Gained mutation: You regenerate a little health from kills.
                  | [demonic ancestry]
   301 | D:1      | Reached XP level 2. HP: 22/22 MP: 5/5
   330 | D:1      | Learned a level 2 spell: Blink
  1045 | D:2      | Gained mutation: Your touch may inflict minor irresistible
                  | damage on your foes. [demonic ancestry]
  1045 | D:2      | Reached XP level 3. HP: 20/28 MP: 6/6
  2051 | D:3      | Noticed Grinder
  2166 | D:3      | Gained mutation: Your touch may inflict irresistible damage
                  | on your foes. [demonic ancestry]
  2166 | D:3      | Reached XP level 4. HP: 33/34 MP: 7/7
  2424 | D:3      | Killed Grinder
  2425 | D:3      | Reached XP level 5. HP: 32/41 MP: 7/9
  2425 | D:3      | Gained mutation: You are partially covered in molten
                  | scales. (AC +2) [demonic ancestry]
  2425 | D:3      | Reached XP level 6. HP: 37/47 MP: 7/10
  2466 | D:3      | Learned a level 3 spell: Teleport Other
  2517 | D:3      | Noticed Terence
  2523 | D:3      | Killed Terence
  3122 | D:4      | Noticed a steam dragon
  3720 | D:4      | Slain by a bullfrog

Illustrated notes

Levels and vault maps discovered:
D:1:      ldierk_walled_garden_2, layout_basic
D:2:      layout_loops_ring
D:3:      layout_basic, uniq_grinder, uniq_terence
D:4:      layout_cave_pods

Skill      XL: |  1  2  3  4  5  6 |
---------------+-------------------+-----
Armour         | 1 2 |  2.6
Polearms       | 2 3 |  3.1
Dodging        | 2 3 |  3.2
Translocations | 3 |  3.7
Fighting       | 3 |  3.4
Spellcasting   | 3 |  3.2
Throwing       | |  0.8

Action                     |  1- 3 |  4- 6 || total
---------------------------+-------+-------++-------
  Melee: Spear             |   131 |    45 ||   176
         Punch             |     1 |       ||     1
         Touch             |     4 |     8 ||    12
         Halberd           |       |    79 ||    79
  Throw: Stone             |    27 |       ||    27
         Boomerang         |       |    13 ||    13
   Cast: Blink             |     1 |       ||     1
    Use: Scroll            |     4 |     1 ||     5
   Stab: Sleeping          |     1 |     4 ||     5
 Armour: Leather armour    |     5 |       ||     5
         Scale mail        |    14 |       ||    14
         Skin              |    22 |       ||    22
         Robe              |    27 |    83 ||   110
  Dodge: Dodged            |    64 |    80 ||   144

Table legend: (Time is in decaauts)
 A = Elapsed time spent in this place.
 B = Non-inter-level travel time spent in this place.
 C = Inter-level travel time spent in this place.
 D = Time resting spent in this place.
 E = Time spent auto-exploring this place.
 F = Levels seen in this place.
 G = Mean time per level.
                   A        B        C        D        E       F      G
               +--------+--------+--------+--------+--------+-----+--------+
         Total |   3749 |   3599 |    150 |    334 |   2334 |   4 |  937.2 |
       Dungeon |   3749 |   3599 |    150 |    334 |   2334 |   4 |  937.2 |
               +--------+--------+--------+--------+--------+-----+--------+

Top non-repeatable levels by time:
     D:2: 1123 daAuts
     D:3: 1064 daAuts
     D:1: 944 daAuts
     D:4: 617 daAuts
